 Dungeon Crawl Stone Soup version 0.28-a0-983-g1de4e0787c (console) character file.

Game seed: 5510905009481184730

2907 jejorda2 the Carver (level 9, 0/62 (69) HPs)
             Began as a Merfolk Berserker on Dec 2, 2021.
             Was a Believer of Trog.
             Slain by a wight (3 damage)
             ... on level 7 of the Dungeon.
             The game lasted 00:18:51 (7963 turns).

jejorda2 the Carver (Merfolk Berserker)             Turns: 7963, Time: 00:18:52

HP:   0/62 (69)     AC: 12    Str: 21    XL:     9   Next: 78%
MP:   9/9           EV:  7    Int:  6    God:    Trog [**....]
Gold: 311           SH:  0    Dex: 20    Spells: 8/8 levels left

rFire   . . .      SeeInvis .   a - +0 long sword
rCold   . . .      Faith    .   (no shield)
rNeg    . . .      Spirit   .   r - +0 plate armour
rPois   .          Reflect  .   (no helmet)
rElec   .          Harm     .   (no cloak)
rCorr   .          Rampage  .   (no gloves)
Will    .....                   (no boots)
Stlth   ..........              i - amulet of regeneration
HPRegen 1.00/turn               h - +6 ring of dexterity
MPRegen 0.11/turn               (no ring)

@: on berserk cooldown, slowed, heavily drained, very slow
A: (nimble swimmer 2), mertail
a: Renounce Religion, Berserk, Trog's Hand


You were on level 7 of the Dungeon.
You worshipped Trog.
Trog was pleased with you.
You visited 1 branch of the dungeon, and saw 7 of its levels.
You also visited: Sewer.

You collected 371 gold pieces.
You spent 60 gold pieces at shops.

Inventory:

Hand Weapons
 a - a +0 long sword (weapon)
 o - a +2 dagger of venom
Missiles
 g - 130 stones (quivered)
 m - 4 curare-tipped darts
 p - 10 boomerangs
Armour
 e - a +0 chain mail
 r - a +0 plate armour (worn)
Jewellery
 h - a +6 ring of dexterity (left hand)
 i - an amulet of regeneration (around neck)
Scrolls
 f - 4 scrolls of identify
 l - a scroll of vulnerability
 n - a scroll of fog
Potions
 b - a potion of berserk rage
 c - 3 potions of attraction
 d - 3 potions of flight
 t - a potion of curing


   Skills:
 - Level 6.0 Fighting
 * Level 11.5 Long Blades
 + Level 5.6 Armour
 - Level 2.6 Dodging


You had 8 spell levels left.
You didn't know any spells.
Your spell library was empty.

Dungeon Overview and Level Annotations

Branches:
Dungeon (7/15)             Temple (0/1) D:5           Sewer (visited)

Altars:
Xom

Shops:
D:2 ?


Innate Abilities, Weirdness & Mutations

((You are quick and stealthy near water. (Stealth+, EV+, Speed+++)))
Your lower body shifts to a powerful aquatic tail in water.


Message History

* * * LOW HITPOINT WARNING * * *
You hit the wight.
The wight is almost destroyed.
The wight barely misses you.
You hit the wight but do no damage.
The wight is almost destroyed.
The wight hits you but does no damage.
The wight hits you with a +2 dire flail of freezing!
* * * LOW HITPOINT WARNING * * *
You feel drained.
* * * LOW HITPOINT WARNING * * *
The wight freezes you.
* * * LOW HITPOINT WARNING * * *
Throw: throwing net
Press: ? - help, Shift-Dir - straight line, f/p - wight
Aim: a wight, wielding a +2 dire flail of freezing and wearing a +0 robe (almost destroyed, 65% to hit)
You throw a throwing net.
The throwing net barely misses the wight.
The throwing net hits the wight.
The wight is caught in the net!
The wight struggles against the net. x2; The wight hits you but does no damage.
You hit the wight.
You destroy the wight!
Trog accepts your kill.
The wight struggles against the net.
Press: ? - help, v - describe, . - travel, g - get item
Here: a wight, wielding a +4 hand axe of freezing and wearing a +2 robe of resistance (entangled in a net) Item here: a throwing net.
The floor.
Unknown command.
Unknown command.
Unknown command.
The wight struggles against the net. x2
The net rips apart, and the wight comes free!
Items here: )) [[ †.
You slash the wight!
The wight is heavily damaged.
The wight hits you with a +4 hand axe of freezing.
* * * LOW HITPOINT WARNING * * *
The wight freezes you.
You die...

### ###.## #####....##
#######.#.......##
#....@z..........##
.......##............#
# ....###
#............## . ..#
##...<........##. #
#......##....#..
###########.....
###..# ##.# ..#


You could see a wight.

Vanquished Creatures
  The ghost of cheechan the Gusty, an amateur NaAE (D:4)
  A steam dragon (D:6)
  Edmund (D:6)
  Pargi (Sewer)
  A sky beast (D:6)
  An ice beast (D:6)
  A black bear (D:4)
  2 orc warriors
  2 ogres
  A phantom (D:5)
  A scorpion (D:6)
  A wyvern zombie (D:4)
  A bullfrog (D:6)
  A water moccasin zombie (D:5)
  5 killer bees (D:7)
  A water moccasin skeleton (D:5)
  2 wights (D:7)
  2 howler monkeys
  4 crimson imps (D:4)
  2 bullfrog zombies
  2 centaur zombies
  A jelly (D:5)
  A bullfrog skeleton (D:6)
  A centaur skeleton (D:4)
  6 orc priests
  A hound (D:5)
  4 iguanas
  2 orc wizards (D:6)
  A hound skeleton (D:4)
  2 howler monkey zombies
  7 adders
  2 river rats (D:5)
  2 shadow imps
  A white imp (D:6)
  6 worms
  2 dart slugs
  17 orcs
  6 endoplasms
  2 giant cockroaches
  5 hobgoblins
  3 jackals (D:4)
  4 kobolds
  6 quokkas
  9 ball pythons
  11 bats
  4 frilled lizards
  7 goblins
  2 rats
149 creatures vanquished.

Notes
Turn   | Place    | Note
-------+----------+-------------------------------------------
     0 | D:1      | jejorda2 the Merfolk Berserker began the quest for the Orb.
     0 | D:1      | Reached XP level 1. HP: 18/18 MP: 1/1
   322 | D:1      | Found a faded altar of an unknown god.
   347 | D:1      | Reached XP level 2. HP: 17/24 MP: 2/2
   781 | D:1      | Reached skill level 4 in Long Blades
   781 | D:1      | Reached XP level 3. HP: 29/29 MP: 3/3
  1400 | D:2      | Reached XP level 4. HP: 14/37 MP: 4/4
  1656 | D:2      | Found Ytzyzi's Magic Scroll Shop.
  1796 | D:2      | Reached ** piety under Trog
  2131 | D:2      | Bought a scroll of teleportation for 36 gold pieces
  2586 | D:2      | Bought a scroll of identify for 24 gold pieces
  2988 | D:3      | Reached XP level 5. HP: 14/42 MP: 2/5
  3523 | D:4      | Found a shimmering altar of Xom.
  3535 | D:4      | Reached skill level 5 in Long Blades
  3579 | D:4      | Noticed a black bear
  3597 | D:4      | Killed a black bear
  3598 | D:4      | Reached XP level 6. HP: 49/49 MP: 3/6
  3759 | D:4      | Reached skill level 6 in Long Blades
  4503 | D:4      | Found a runed translucent gate.
  4503 | D:4      | Found a runed translucent gate.
  4504 | D:4      | Found a runed translucent gate.
  4505 | D:4      | Noticed cheechan's ghost (amateur NaAE)
  4531 | D:4      | Reached skill level 5 in Fighting
  4531 | D:4      | Reached XP level 7. HP: 52/56 MP: 5/7
  4549 | D:4      | Killed cheechan's ghost
  4550 | D:4      | Reached skill level 7 in Long Blades
  5104 | D:5      | Entered Level 5 of the Dungeon
  5152 | D:5      | Reached XP level 8. HP: 64/64 MP: 8/8
  5290 | D:5      | Reached skill level 8 in Long Blades
  5377 | D:5      | Found a staircase to the Ecumenical Temple.
  5518 | D:5      | Found a glowing drain.
  5533 | Sewer    | Entered a sewer
  5576 | Sewer    | Noticed Pargi
  5591 | Sewer    | Killed Pargi
  5785 | D:5      | Reached skill level 9 in Long Blades
  6719 | D:6      | Reached XP level 9. HP: 69/69 MP: 9/9
  6767 | D:6      | Reached skill level 10 in Long Blades
  6976 | D:6      | Noticed Edmund
  6989 | D:6      | Killed Edmund
  7092 | D:6      | Reached skill level 5 in Armour
  7407 | D:6      | Reached skill level 11 in Long Blades
  7489 | D:6      | HP: 2/69 [steam dragon] (3)]
  7496 | D:6      | HP: 5/103 [steam dragon (1)]
  7959 | D:7      | HP: 2/61 [wight (2)]
  7963 | D:7      | Slain by a wight

Illustrated notes

Levels and vault maps discovered:
D:1:      lightli_arrival_statuegarden, layout_rooms,
          shapermc_ecumenical_altar_starsandcircs, hangedman_decor_push
D:2:      minmay_angry_zag, layout_basic, serial_shops,
          nicolae_shop_hallway_stairs
D:3:      layout_rooms
D:4:      layout_loops_ring, led_xom_imps, gammafunk_ghost_necromancy
D:5:      layout_layer_cave, minmay_temple_entry_nine_rooms,
          cheibrodos_sewer_entry_sluice
D:6:      layout_basic, uniq_edmund
D:7:      layout_cave_pods

Skill      XL: |  1  2  3  4  5  6  7  8  9 |
---------------+----------------------------+-----
Long Blades    | 4 5 6 7 9 11 | 11.5
Armour         | 2 3 4 5 |  5.6
Fighting       | 4 5 6 |  6.0
Dodging        | |  2.6

Action                   |  1- 3 |  4- 6 |  7- 9 || total
-------------------------+-------+-------+-------++-------
Melee: Falchion          |    79 |   172 |   348 ||   599
       Long sword        |       |       |    67 ||    67
Throw: Stone             |     8 |     4 |    23 ||    35
       Throwing net      |       |       |     1 ||     1
Invok: Berserk           |     2 |     4 |    11 ||    17
       Trog's Hand       |       |     1 |     5 ||     6
  Use: Scroll            |       |     4 |     9 ||    13
       Potion            |       |       |     3 ||     3
 Stab: Distracted        |     1 |       |       ||     1
       Sleeping          |     2 |       |       ||     2
Armor: Animal skin       |    12 |       |       ||    12
       Scale mail        |       |    56 |   116 ||   172
       Chain mail        |       |       |   103 ||   103
       Plate armour      |       |       |    42 ||    42
Dodge: Dodged            |    35 |    87 |   182 ||   304

Table legend: (Time is in decaauts)
 A = Elapsed time spent in this place.
 B = Non-inter-level travel time spent in this place.
 C = Inter-level travel time spent in this place.
 D = Time resting spent in this place.
 E = Time spent auto-exploring this place.
 F = Levels seen in this place.
 G = Mean time per level.
                   A        B        C        D        E       F      G
               +--------+--------+--------+--------+--------+-----+--------+
         Total |   8051 |   7723 |    328 |   1286 |   4882 |   8 | 1006.4 |
       Dungeon |   7927 |   7599 |    328 |   1265 |   4839 |   7 | 1132.4 |
         Sewer |    123 |    123 |      0 |     20 |     43 |   1 |  123.0 |
               +--------+--------+--------+--------+--------+-----+--------+

Top non-repeatable levels by time:
     D:2: 1629 daAuts
     D:5: 1394 daAuts
     D:4: 1356 daAuts
     D:3: 1333 daAuts
     D:6: 1253 daAuts
     D:1: 871 daAuts
   Sewer: 123 daAuts
     D:7: 90 daAuts
